 Dungeon Crawl Stone Soup version 0.25.0-9-g26727b657a (webtiles) character file.

Game seed: 14578585776687704978

204 vurker the Vexing (level 5, -7/41 HPs)
             Began as a Gnoll Arcane Marksman on June 19, 2020.
             Mangled by an ogre
             ... wielding a +0 giant club
              (15 damage)
             ... on level 4 of the Dungeon.
             The game lasted 00:05:29 (3861 turns).

vurker the Vexing (Gnoll Arcane Marksman)           Turns: 3861, Time: 00:05:29

Health: -7/41      AC:  9    Str: 12    XL:     5   Next: 82%
Magic:  9/9        EV:  7    Int: 17    God:
Gold:   125        SH:  0    Dex: 15    Spells: 9/10 levels left

rFire    . . .     SeeInvis .   r - +4 morningstar (pain)
rCold    . . .     Gourm    .   (no shield)
rNeg     . . .     Faith    .   f - +0 chain mail
rPois    +         Spirit   .   p - +0 helmet
rElec    .         Reflect  .   (no cloak)
rCorr    .         Harm     .   (no gloves)
MR       +....                  (no boots)
Stlth    ..........             (no amulet)
HPRegen  0.13/turn              l - ring of protection from magic
MPRegen  0.11/turn              t - ring of poison resistance

@: no status effects
A: distributed training, fangs 1, strong nose
a: no special abilities


You were on level 4 of the Dungeon.
You were near starving.

You visited 1 branch of the dungeon, and saw 4 of its levels.

You collected 125 gold pieces.

Inventory:

Hand Weapons
 r - a +4 morningstar of pain (weapon)
   (You took it off an orc on level 3 of the Dungeon)
Missiles
 c - 3 javelins (quivered)
 d - 2 throwing nets
 n - 54 poisoned darts
Armour
 f - a +0 chain mail (worn)
   (You found it on level 1 of the Dungeon)
 p - a +0 helmet (worn)
   (You found it on level 3 of the Dungeon)
Jewellery
 i - a +6 ring of dexterity {unknown}
   (You found it on level 3 of the Dungeon)
 l - a ring of protection from magic (left hand)
   (You found it on level 1 of the Dungeon)
 t - a ring of poison resistance (right hand)
   (You found it on level 3 of the Dungeon)
Scrolls
 b - a scroll of magic mapping
 h - 2 scrolls of teleportation
 k - 2 scrolls of enchant weapon
 q - 3 scrolls of remove curse
Potions
 a - 2 potions of lignification {unknown}
 g - a potion of might
 j - a potion of haste {unknown}
 m - a potion of heal wounds {unknown}
 o - 2 potions of curing
Comestibles
 e - 11 rations


   Skills:
 + Level 3.0 Fighting
 + Level 1.6 Short Blades
 + Level 1.6 Long Blades
 + Level 1.6 Axes
 + Level 1.6 Maces & Flails
 + Level 1.6 Polearms
 + Level 1.6 Staves
 + Level 1.6 Slings
 + Level 1.6 Bows
 + Level 1.6 Crossbows
 + Level 4.8 Throwing
 + Level 1.6 Armour
 + Level 4.8 Dodging
 + Level 1.6 Stealth
 + Level 1.6 Shields
 + Level 1.6 Unarmed Combat
 + Level 3.2 Spellcasting
 + Level 1.3 Conjurations
 + Level 5.6 Hexes
 + Level 1.3 Charms
 + Level 1.3 Summonings
 + Level 1.3 Necromancy
 + Level 1.3 Translocations
 + Level 1.3 Transmutations
 + Level 1.3 Fire Magic
 + Level 1.3 Ice Magic
 + Level 1.3 Air Magic
 + Level 1.3 Earth Magic
 + Level 1.3 Poison Magic
 + Level 1.8 Invocations
 + Level 1.6 Evocations


You had 9 spell levels left.
You knew the following spells:

 Your Spells              Type           Power        Failure   Level  Hunger
a - Corona                Hex            ###....      58%         1    None

Your spell library contained the following spells:

 Spells                   Type           Power        Failure   Level  Hunger
 Slow                     Hex            ###.....     73%         2    ##.....
 Inner Flame              Hex/Fire       ##......     99%         3    ###....
 Portal Projectile        Hex/Tloc       ##....       99%         3    ###....
 Cause Fear               Hex            ###.......   100%        4    ####...
 Leda's Liquefaction      Hex/Erth       ##........   100%        4    ####...


Dungeon Overview and Level Annotations

Branches:
Dungeon (4/15)
 Temple: D:4-7

Altars:
Gozag
Hepliaklqana
Nemelex Xobeh
Sif Muna


Innate Abilities, Weirdness & Mutations

Your experience applies equally to all skills.
You have very sharp teeth.
Your uncanny sense of smell can sniff out nearby items.


Message History

e - 11 rations (gained 1)
An adder skeleton comes into view.
An adder skeleton is nearby!
You sock the adder skeleton!
The adder skeleton bites you but does no damage.
You hit the adder skeleton.
The adder skeleton bites you but does no damage.
The adder skeleton bites you.
You hit the adder skeleton.
You destroy the adder skeleton!
No target in view!
Found 2 sapphire potions.
a - 2 sapphire potions A leopard gecko skeleton comes into view.
A leopard gecko skeleton is nearby!
The leopard gecko skeleton bites you.
You hit the leopard gecko skeleton.
The leopard gecko skeleton bites you but does no damage.
You puncture the leopard gecko skeleton!
You destroy the leopard gecko skeleton!
No target in view!
No target in view!
Found a scroll of magic mapping.
b - a scroll of magic mapping An ogre comes into view.
It is wielding a +0 giant club.
You are near starving!
The ogre shouts!
You hear an angry hiss.
You hit the ogre. You bite the ogre. The ogre completely misses you.
You sock the ogre!
The ogre writhes in agony.
A frilled lizard comes into view.
The ogre hits you with a +0 giant club.
Your chain mail prevents you from hitting the ogre.
The ogre hits you with a +0 giant club!
Your chain mail prevents you from hitting the ogre.
You bite the ogre.
The ogre hits you with a +0 giant club!!
* * * LOW HITPOINT WARNING * * *
Quiver which item? (- for none, * to show all) (? for menu, Esc to quit)
Quivering
c - 5 javelins for throwing.
Throwing (i - inventory. (/) - cycle)
c - 5 javelins (quivered)
Aim: a frilled lizard You throw a javelin.
The javelin barely misses the ogre.
The javelin pierces through the frilled lizard!
You kill the frilled lizard!
The ogre barely misses you.
Throwing (i - inventory. (/) - cycle)
c - 4 javelins (quivered)
Aim: an ogre, wielding a +0 giant club (severely wounded)
You throw a javelin. The javelin barely misses the ogre.
The ogre hits you with a +0 giant club!
You die...

,,* #.# #.##.##....#
## *** #.#
#.##.#.....# #.#
#.........## #####
#.# #.##..##..#
#.... #.#
#.##..##..####.###
#.###.##...........#
#........###..######
#####.#### #..#
#@#****#..# *****
#.O†......#*** ,,,,*
####.(.....,,* ***,*
*,###.##*,* * *,*
**,**#.***,*****
***,*
*,,,,,,,,,,,,,,,
,,*,**
**,∆**,,,**,*****
,,,,,*
********,,,*,,,,,*,*
*,*,,*
*,,,,,,,,*,,,,,,,,,*


You could see an ogre.

Vanquished Creatures
  A centaur (D:3)
  3 adders
  4 gnolls
  An adder skeleton (D:4)
  A worm (D:3)
  2 dart slugs (D:1)
  An orc (D:3)
  A giant cockroach (D:1)
  6 goblins
  4 hobgoblins
  5 kobolds
  3 quokkas
  A ball python (D:3)
  7 bats
  5 frilled lizards
  A leopard gecko skeleton (D:4)
  7 rats
53 creatures vanquished.

Notes
Turn   | Place    | Note
-------+----------+-------------------------------------------
     0 | D:1      | vurker the Gnoll Arcane Marksman began the quest for the
                  | Orb.
     0 | D:1      | Reached XP level 1. HP: 17/17 MP: 4/4
   244 | D:1      | Reached XP level 2. HP: 12/23 MP: 5/5
   596 | D:1      | Reached XP level 3. HP: 19/28 MP: 7/7
  1265 | D:2      | Found a sparkling altar of Nemelex Xobeh.
  1298 | D:2      | Reached skill level 1 in Invocations
  1863 | D:2      | Reached skill level 1 in Short Blades
  1863 | D:2      | Reached skill level 1 in Long Blades
  1863 | D:2      | Reached skill level 1 in Axes
  1863 | D:2      | Reached skill level 1 in Maces & Flails
  1863 | D:2      | Reached skill level 1 in Polearms
  1863 | D:2      | Reached skill level 1 in Staves
  1863 | D:2      | Reached skill level 1 in Slings
  1863 | D:2      | Reached skill level 1 in Bows
  1863 | D:2      | Reached skill level 1 in Crossbows
  1863 | D:2      | Reached skill level 1 in Armour
  1863 | D:2      | Reached skill level 1 in Stealth
  1863 | D:2      | Reached skill level 1 in Shields
  1863 | D:2      | Reached skill level 1 in Unarmed Combat
  1863 | D:2      | Reached skill level 1 in Evocations
  1863 | D:2      | Reached XP level 4. HP: 27/34 MP: 8/8
  2273 | D:2      | Found a shimmering blue altar of Sif Muna.
  2585 | D:3      | Found a hazy altar of Hepliaklqana.
  2832 | D:3      | Noticed a centaur
  2995 | D:3      | Killed a centaur
  2995 | D:3      | Reached skill level 1 in Conjurations
  2995 | D:3      | Reached skill level 1 in Charms
  2995 | D:3      | Reached skill level 1 in Summonings
  2995 | D:3      | Reached skill level 1 in Necromancy
  2995 | D:3      | Reached skill level 1 in Translocations
  2995 | D:3      | Reached skill level 1 in Transmutations
  2995 | D:3      | Reached skill level 1 in Fire Magic
  2995 | D:3      | Reached skill level 1 in Ice Magic
  2995 | D:3      | Reached skill level 1 in Air Magic
  2995 | D:3      | Reached skill level 1 in Earth Magic
  2995 | D:3      | Reached skill level 1 in Poison Magic
  2995 | D:3      | Reached XP level 5. HP: 29/41 MP: 9/9
  3551 | D:3      | Found an opulent altar of Gozag.
  3552 | D:3      | Found a sparkling altar of Nemelex Xobeh.
  3855 | D:4      | Noticed an ogre
  3861 | D:4      | Mangled by an ogre

Illustrated notes

Levels and vault maps discovered:
D:1:      erik_arrival_blinker_ship, layout_loops_ring, minmay_misc_feat_x,
          feat_on_display
D:2:      layout_basic, lemuel_blue_sif_altar, st_stairs_13,
          lemuel_altar_in_water
D:3:      layout_basic, grunt_temple_overflow_opulence,
          overflow_temple_1_default
D:4:      layout_loops_corners, first_ration

Skill      XL: |  1  2  3  4 |
---------------+-------------+-----
Invocations    | 1 |  1.8
Short Blades   | 1 |  1.6
Long Blades    | 1 |  1.6
Axes           | 1 |  1.6
Maces & Flails | 1 |  1.6
Polearms       | 1 |  1.6
Staves         | 1 |  1.6
Slings         | 1 |  1.6
Bows           | 1 |  1.6
Crossbows      | 1 |  1.6
Armour         | 1 |  1.6
Stealth        | 1 |  1.6
Shields        | 1 |  1.6
Unarmed Combat | 1 |  1.6
Evocations     | 1 |  1.6
Spellcasting   | 3 |  3.2
Fighting       | 3 |  3.0
Conjurations   | 1 |  1.3
Charms         | 1 |  1.3
Summonings     | 1 |  1.3
Necromancy     | 1 |  1.3
Translocations | 1 |  1.3
Transmutations | 1 |  1.3
Fire Magic     | 1 |  1.3
Ice Magic      | 1 |  1.3
Air Magic      | 1 |  1.3
Earth Magic    | 1 |  1.3
Poison Magic   | 1 |  1.3
Throwing       | |  4.8
Dodging        | |  4.8
Hexes          | |  5.6

Action                   |  1- 3 |  4- 6 || total
-------------------------+-------+-------++-------
Melee: Unarmed           |    71 |       ||    71
       Bite              |    28 |     8 ||    36
       Dagger            |   133 |    65 ||   198
       Morningstar       |       |    36 ||    36
Throw: Dart              |     4 |    20 ||    24
       Javelin           |       |     2 ||     2
  Use: Scroll            |     4 |     4 ||     8
  Eat: Chunk             |     3 |     5 ||     8
Armor: Chain mail        |   142 |    55 ||   197
       Robe              |     1 |       ||     1
Dodge: Dodged            |    94 |    35 ||   129
